AoeStats
← anil44

Black Forest

509942079Analyzed
4v4 RM · 4d ago on Sep 28, 2026· 56m 50s· 8 players
Game mode
Random Map
Map size
Large (8 player)
Population
200
Speed
Normal
Resources
Standard
Victory
Conquest
Starting age
Dark Age
Ending age
Imperial Age
RankedLock teamsTeams togetherTeam positionsShared explorationLock speedFull tech treeHidden civsTurbo modeCheats
Victory
Defeat
🇭🇷 Romans · Croatia
865
+14
🇩🇪 Khmer · Germany
850
+15
🇫🇷 Gurjaras · France
813
+17
🇺🇸 Mongols · United States
754
+19
🇩🇪 Vietnamese · Germany
943
-20
🇩🇪 Persians · Germany
888
-55
🇩🇪 Goths · Germany
873
-18
🇬🇧 Huns · United Kingdom
605
-12
Dykiris
14:21 Feudal Age
15:08 Feudal Age
19:23 Double-Bit Axe
21:41 Castle Age
19:36 Horse Collar
20:17 Gold Mining
20:41 Stone Mining
21:18 Scale Mail Armor
21:52 Padded Archer Armor
22:26 Forging
22:34 Fletching
26:39 Wheelbarrow
25:50 Town Watch
26:47 Bow Saw
27:21 Heavy Plow
28:52 Iron Casting
28:44 Fishing Lines
30:04 Hand Cart
36:29 Imperial Age
35:45 Chain Mail Armor
35:36 Scale Barding Armor
35:26 Bodkin Arrow
35:47 Leather Archer Armor
35:24 Gillnets
36:16 Gold Shaft Mining
36:19 Stone Shaft Mining
36:14 Caravan
37:52 Crop Rotation
37:30 Town Patrol
38:03 Plate Mail Armor
38:17 Bracer
38:46 Siege Elephant
41:48 Chain Barding Armor
42:40 Elite Chakram Thrower
42:56 Heavy Scorpion
43:29 Heated Shot
43:59 Ballistics
44:40 Chemistry
47:29 Fortified Wall
53:44 Coinage
53:26 Masonry
52:57 Treadmill Crane
53:12 Murder Holes
53:27 Careening
53:27 Clinker Construction
53:38 Shipwright
53:08 Guard Tower
53:57 Plate Barding Armor
53:10 Loom
52:50 Man-at-Arms
53:15 Arson
52:53 Onager
53:52 Medium Warships
53:03 Demolition Ship
56:05 Architecture
56:06 Heavy Warships
55:54 Long Swordsman
56:03 Light Cavalry
56:53 Bloodlines
56:43 Husbandry
56:04 Elite Shrivamsha Rider
56:12 Heavy Camel Rider
56:41 Crossbowman
57:27 Thumb Ring
56:42 Elite Skirmisher
56:42 Elite Elephant Archer
thongvipusa1
8:19 Loom
21:18 Feudal Age
21:40 Horse Collar
21:54 Double-Bit Axe
24:41 Wheelbarrow
27:42 Gold Mining
27:45 Stone Mining
30:50 Castle Age
31:49 Hand Cart
32:57 Gold Shaft Mining
32:58 Stone Shaft Mining
32:37 Bow Saw
32:31 Heavy Plow
34:01 Padded Archer Armor
33:51 Fletching
35:59 Stone Shaft Mining
37:40 Leather Archer Armor
39:34 Town Watch
40:55 Caravan
41:26 Coinage
46:16 Imperial Age
44:27 Scale Barding Armor
44:22 Scale Mail Armor
44:33 Forging
45:38 Chain Barding Armor
45:26 Bodkin Arrow
46:18 Chain Mail Armor
47:25 Ballistics
48:11 Chemistry
47:19 Elite Steppe Lancer
48:44 Town Patrol
49:56 Elite Mangudai
51:11 Hoardings
50:37 Nomads
50:58 Drill
50:08 Sappers
50:59 Conscription
50:43 Bracer
51:13 Plate Mail Armor
51:18 Iron Casting
51:28 Iron Casting
55:15 Onager
dropshot
0:30 Loom
11:56 Feudal Age
12:52 Double-Bit Axe
12:58 Fishing Lines
17:20 Horse Collar
20:38 Castle Age
21:20 Heavy Plow
21:33 Bow Saw
24:51 Gillnets
27:28 Wheelbarrow
31:50 Imperial Age
30:46 Fortified Wall
30:48 Masonry
30:36 Fletching
30:47 Padded Archer Armor
30:58 Forging
30:48 Scale Mail Armor
31:17 Bodkin Arrow
32:20 Hand Cart
32:05 Town Watch
32:15 Stone Mining
32:17 Gold Mining
32:44 Ballistas
34:18 Architecture
33:44 Murder Holes
34:52 Chemistry
34:13 Ballistics
34:37 Town Patrol
35:13 Leather Archer Armor
35:07 Caravan
38:34 Heavy Scorpion
38:37 Onager
38:39 Capped Ram
39:52 Ring Archer Armor
39:58 Iron Casting
39:38 Chain Mail Armor
39:44 Siege Ram
40:54 Squires
40:17 Pikeman
40:20 Man-at-Arms
41:34 Scale Barding Armor
41:41 Siege Engineers
42:05 Conscription
42:08 Comitatenses
43:25 Crop Rotation
44:01 Blast Furnace
42:25 Halberdier
42:27 Long Swordsman
43:48 Legionary
45:14 Chain Barding Armor
44:47 Guard Tower
45:09 Elite Centurion
47:05 Plate Barding Armor
55:04 Keep
56:40 Spies/Treason
julian_venom
0:27 Loom
12:09 Feudal Age
13:27 Wheelbarrow
12:43 Double-Bit Axe
12:43 Horse Collar
20:10 Scale Barding Armor
24:11 Castle Age
25:41 Hand Cart
25:40 Bow Saw
25:33 Heavy Plow
25:43 Caravan
29:09 Town Watch
32:06 Imperial Age
30:30 Husbandry
30:48 Bloodlines
31:18 Ballistics
31:56 Town Patrol
32:46 Stone Mining
32:47 Gold Mining
33:33 Conscription
34:38 Chain Barding Armor
35:27 Crop Rotation
35:29 Siege Engineers
36:30 Plate Barding Armor
37:10 Double Crossbow
38:46 Tusk Swords
39:06 Heavy Scorpion
39:26 Elite Battle Elephant
anil44
4:40 Loom
12:34 Feudal Age
13:23 Town Watch
14:34 Wheelbarrow
16:33 Scale Barding Armor
16:31 Scale Mail Armor
16:44 Forging
16:31 Double-Bit Axe
16:44 Gold Mining
22:17 Man-at-Arms
23:17 Bloodlines
23:17 Padded Archer Armor
24:12 Horse Collar
27:20 Fletching
29:58 Castle Age
30:29 Crossbowman
30:31 Elite Skirmisher
31:19 Thumb Ring
30:41 Light Cavalry
32:31 Husbandry
33:54 Bow Saw
33:48 Heavy Plow
36:04 Hand Cart
37:33 Iron Casting
37:04 Bodkin Arrow
39:52 Town Patrol
45:07 Gold Shaft Mining
scandalous player
12:02 Feudal Age
14:18 Double-Bit Axe
14:15 Horse Collar
17:16 Gold Mining
22:36 Castle Age
23:56 Bow Saw
23:48 Heavy Plow
24:27 Gold Shaft Mining
26:57 Stone Mining
35:30 Imperial Age
34:09 Scale Barding Armor
34:04 Scale Mail Armor
34:15 Forging
36:08 Stone Shaft Mining
39:32 Heavy Cavalry Archer
40:34 Chain Barding Armor
40:30 Chain Mail Armor
40:51 Iron Casting
39:42 Heavy Camel Rider
41:14 Crop Rotation
41:48 Two-Man Saw
45:54 Cavalier
46:21 Elite Skirmisher
47:39 Savar
47:45 Imperial Skirmisher
04
8:28 Loom
10:49 Feudal Age
11:28 Horse Collar
11:35 Double-Bit Axe
18:33 Castle Age
17:32 Gold Mining
17:33 Stone Mining
19:09 Wheelbarrow
20:20 Bow Saw
20:14 Heavy Plow
22:23 Stone Shaft Mining
24:22 Hand Cart
24:42 Town Watch
25:19 Fletching
25:29 Padded Archer Armor
25:38 Scale Mail Armor
26:23 Forging
27:34 Town Patrol
27:35 Bodkin Arrow
27:56 Leather Archer Armor
31:38 Imperial Age
30:28 Leather Archer Armor
30:21 Scale Barding Armor
31:33 Iron Casting
31:13 Chain Mail Armor
32:17 Chatras
32:31 Bracer
33:01 Ring Archer Armor
32:52 Chain Barding Armor
33:57 Two-Man Saw
32:24 Elite Rattan Archer
34:16 Ballistics
34:56 Chemistry
35:29 Plate Mail Armor
36:27 Paper Money
36:50 Hoardings
35:47 Elite Battle Elephant
36:29 Husbandry
36:40 Bloodlines
37:17 Crop Rotation
37:59 Plate Barding Armor
Bombardiro Croccodilo
11:45 Feudal Age
17:22 Castle Age
15:25 Double-Bit Axe
15:49 Horse Collar
24:24 Scale Mail Armor
25:53 Heavy Plow
26:39 Bow Saw
26:35 Stone Mining
28:28 Chain Mail Armor
29:06 Gold Mining
29:37 Forging
32:30 Imperial Age
29:48 Town Watch
31:24 Squires
31:12 Pikeman
32:58 Wheelbarrow
32:23 Town Patrol
32:09 Loom
32:59 Anarchy
33:51 Iron Casting
33:17 Padded Archer Armor
33:07 Fletching
33:46 Conscription
33:26 Elite Skirmisher
34:37 Hand Cart
36:00 Blast Furnace
36:21 Two-Man Saw
37:08 Crop Rotation
36:17 Elite Huskarl
37:06 Halberdier
38:11 Imperial Skirmisher
41:04 Caravan
41:35 Coinage
41:15 Guilds
42:09 Perfusion
43:19 Scale Barding Armor
43:09 Bodkin Arrow
43:30 Leather Archer Armor
Connection lost

Rejoining the realm…

Still unreachable

The connection could not be restored.

Session expired

The server has moved on; the page needs a fresh start.